Map: Ephemeron LE

Players

pHARM - Winner!

  • Race: Zerg Zerg
  • League: Platinum
  • Spawn Location: 5:00

dslidd

  • Race: Zerg Zerg
  • League: Platinum
  • Spawn Location: 11:00

VOD

Have the link to the VOD?

Description

Time

  • Played on: Sept. 1, 2019, 9:31 a.m.
  • Length: 14:39
Show
View Real Time Build Order
Export as new Build Order

pHARM Zerg - Winner!

Build Orders: Hatch First 

Get SALT Encoding   

  12  0:02  Drone  
  13  0:12  Overlord  
  13  0:17  Drone  
  14  0:31  Drone x2  
  16  0:50  Hatchery  
  16  0:54  Drone  
  16  0:56  Drone  
  17  1:01  Drone  
  18  1:19  Spawning Pool  
  18  1:23  Drone x2  
  19  1:29  Drone  
  20  1:42  Extractor  
  20  1:44  Drone  
  20  2:04  Overlord  
  20  2:05  Queen  
  20  2:06  Queen  
  24  2:14  Drone  
  24  2:15  Drone x3  
  28  2:24  Drone x2  
  30  2:35  Drone  
  30  2:36  Drone  
  32  2:44  Queen  
  32  2:48  Queen  
  32  2:49  Metabolic Boost  
  36  2:53  Overlord x2  
  37  3:12  Drone  
  37  3:13  Drone x3  
  40  3:30  Drone x4  
  40  3:31  Drone x2  
  40  3:32  Lair  
  46  3:49  Drone  
  46  3:50  Drone x5  
  52  3:58  Extractor  
  52  3:59  Extractor  
  50  4:07  Evolution Chamber  
  49  4:16  Roach Warren  
  48  4:19  Drone  
  48  4:20  Drone x3  
  48  4:21  Overlord  
  48  4:22  Overlord  
  52  4:36  Evolution Chamber  
  51  4:50  Zerg Missile Weapons Level 1  
  51  4:58  Overlord x2  
  51  4:59  Overlord x2  
  51  5:03  Glial Reconstitution  
  51  5:05  Roach x5  
  51  5:06  Roach  
  51  5:07  Roach  
  65  5:08  Overlord  
  65  5:37  Roach x8  
  81  5:51  Roach x4  
  81  5:55  Hatchery  
  88  6:02  Hydralisk Den  
  87  6:19  Drone  
  88  6:27  Drone x7  
  87  6:43  Drone x3  
  87  6:44  Drone x5  
  87  6:46  Zerg Missile Weapons Level 2  
  95  6:47  Zerg Ground Armor Level 1  
  93  6:55  Roach x2  
  97  7:09  Roach  
  97  7:10  Roach x4  
  107  7:15  Extractor  
  107  7:16  Spine Crawler  
  107  7:17  Extractor  
  104  7:27  Roach x5  
  114  7:35  Overlord x4  
  114  7:36  Overlord  
  114  7:39  Grooved Spines  
  114  7:56  Roach x7  
  128  8:15  Roach  
  128  8:16  Roach x8  
  146  8:21  Extractor  
  146  8:27  Infestation Pit  
  144  8:30  Roach  
  144  8:31  Overlord x5  
  146  8:45  Hatchery  
  145  8:50  Muscular Augments  
  145  9:00  Roach x11  
  149  9:07  Roach x3  
  129  9:11  Roach  
  129  9:12  Roach  
  113  9:22  Roach  
  113  9:23  Roach x2  
  105  9:25  Zerg Ground Armor Level 2  
  105  9:34  Roach  
  105  9:35  Roach x5  
  117  9:52  Hydralisk x5  
  117  9:53  Hydralisk x4  
  135  10:20  Roach  
  135  10:21  Roach x9  
  155  10:22  Hatchery  
  155  10:27  Drone x3  
  155  10:28  Drone x2, Hatchery  
  158  10:43  Drone x2  
  158  10:44  Drone x9  
  169  11:19  Roach  
  169  11:20  Roach x2  
  169  11:21  Overlord x10  
  177  11:47  Roach x12  
  195  11:58  Hydralisk x5  
  185  12:01  Hydralisk  
  169  12:40  Hydralisk x12  
  169  12:41  Hydralisk x3  
  199  13:03  Hive  
  199  13:04  Spire  
  198  13:18  Overseer x5  
  152  14:11  Hydralisk x18  
  152  14:12  Hydralisk x2  
Show
View Real Time Build Order
Export as new Build Order

dslidd Zerg 

Build Orders: Hatch First, Roach Hydra 

Get SALT Encoding   

  12  0:01  Drone  
  13  0:13  Overlord  
  13  0:19  Drone  
  14  0:32  Drone x2  
  17  0:35  Drone  
  17  0:54  Hatchery  
  16  0:57  Drone  
  17  1:12  Spawning Pool  
  17  1:14  Drone  
  17  1:17  Drone  
  18  1:20  Drone  
  19  1:30  Drone  
  20  1:35  Extractor  
  20  1:39  Overlord  
  19  1:56  Drone  
  20  2:01  Drone  
  20  2:03  Queen  
  20  2:06  Overlord  
  20  2:07  Queen  
  25  2:12  Drone  
  26  2:22  Drone x2  
  28  2:28  Drone  
  29  2:35  Drone  
  30  2:39  Lair  
  30  2:43  Queen  
  32  2:49  Drone  
  32  2:50  Drone x2  
  35  2:54  Drone  
  36  3:10  Evolution Chamber x2  
  36  3:11  Drone x2, Roach Warren  
  36  3:12  Drone x2  
  37  3:14  Drone  
  38  3:26  Drone  
  38  3:27  Drone x2  
  41  3:31  Extractor  
  41  3:32  Extractor  
  39  3:47  Overlord x2  
  39  3:48  Drone x2  
  39  3:50  Zerg Missile Weapons Level 1  
  39  3:51  Glial Reconstitution  
  41  3:56  Drone  
  41  3:57  Drone x2  
  41  3:59  Overlord x2  
  44  4:11  Drone x2  
  44  4:12  Drone  
  44  4:13  Drone  
  48  4:29  Roach  
  48  4:30  Roach x3  
  56  4:39  Roach  
  58  4:52  Roach x4  
  72  4:53  Roach x3  
  72  5:05  Roach  
  72  5:06  Roach  
  76  5:10  Overlord  
  76  5:11  Hatchery  
  75  5:31  Zerg Ground Armor Level 1  
  75  5:48  Roach  
  75  5:49  Roach x3  
  83  5:52  Overlord x5  
  83  5:53  Overlord  
  83  5:58  Drone  
  84  6:07  Extractor  
  84  6:08  Drone  
  84  6:12  Hydralisk Den  
  84  6:13  Drone  
  84  6:14  Drone  
  84  6:15  Drone x2  
  87  6:19  Drone  
  87  6:20  Drone x5  
  87  6:22  Queen  
  87  6:23  Drone  
  94  6:41  Roach  
  94  6:42  Roach x2  
  98  6:55  Zerg Missile Weapons Level 2  
  98  7:03  Roach  
  98  7:04  Roach x9  
  118  7:19  Muscular Augments  
  118  7:20  Hydralisk  
  118  7:21  Hydralisk x5  
  130  7:34  Extractor  
  129  7:38  Extractor  
  129  7:39  Drone x4  
  132  8:17  Roach x3  
  132  8:19  Overlord  
  138  8:20  Overlord x8  
  138  8:30  Infestation Pit  
  138  8:31  Grooved Spines  
  121  9:05  Hatchery  
  121  9:06  Roach x5  
  121  9:07  Roach x13  
  96  9:35  Drone x4  
  96  9:36  Hydralisk x4  
  108  9:49  Roach  
  108  9:50  Roach x3  
  116  10:06  Extractor  
  115  10:11  Roach  
  115  10:12  Roach x11  
  139  10:17  Hive  
  139  10:18  Spire  
  138  10:24  Queen  
  140  10:55  Drone  
  140  10:56  Drone x15  
  156  11:16  Zerg Ground Armor Level 2  
  156  11:46  Greater Spire, Corruptor  
  156  11:47  Corruptor x9  
  142  12:05  Roach x2  
  100  12:32  Roach x2  
  100  12:33  Roach x10  
  111  12:47  Roach x3  
  111  12:48  Roach x9  
  134  13:07  Brood Lord x2  
  138  13:16  Brood Lord  
  140  13:40  Brood Lord  
  144  13:42  Roach x2  
  144  13:43  Roach x4  
  90  14:10  Roach x9  
Tags
 
Composition
Roach Hydra
Matchup
ZvZ
Race
Zerg
Replay Pack
10.7.19
Spawn Locations
Cross Positions
Add a new tag
Caveats
  • Supply blocks, unpowered buildings, or Contaminate may cause inaccurate times.
  • Supply counts are checked every 10 seconds.